 Dungeon Crawl Stone Soup version 0.21.1-1-g345015f (webtiles) character file.

2325 Fang the Cleaver (level 9, -5/56 HPs)
             Began as a Gargoyle Berserker on May 22, 2018.
             Was a High Priest of Trog.
             Slain by an orc knight
             ... wielding a +0 broad axe
              (15 damage)
             ... in a bailey.
             The game lasted 00:08:38 (7528 turns).

Fang the Cleaver (Gargoyle Berserker)               Turns: 7528, Time: 00:08:39

Health: -5/56      AC: 13    Str: 28    XL:     9   Next: 42%
Magic:  9/9        EV: 13    Int:  8    God:    Trog [*****.]
Gold:   426        SH:  5    Dex:  9    Spells: 8/8 levels left

rFire    . . .     SeeInvis +   a - +1 hand axe
rCold    . . .     Gourm    .   (no shield)
rNeg     + . .     Faith    .   b - +2 animal skin
rPois    ∞         Spirit   .   j - +2 helmet
rElec    +         Reflect  +   (no cloak)
rCorr    .         Harm     .   (no gloves)
MR       .....                  (no boots)
Stlth    ++........             y - +5 amulet of reflection
HPRegen  0.18/turn              n - ring of see invisible
MPRegen  0.11/turn              q - +4 ring of strength

@: berserk cooldown, flying, slowed, very slow
A: negative energy resistance 1, electricity resistance, unbreathing,
petrification resistance, rot immunity, AC +6
a: Berserk, Trog's Hand, Brothers in Arms, Burn Spellbooks, Renounce Religion


You were in a bailey.
You worshipped Trog.
Trog was extremely pleased with you.
You were very hungry.

You visited 1 branch of the dungeon, and saw 7 of its levels.
You also visited: Ossuary and Bailey.

You collected 426 gold pieces.

Inventory:

Hand Weapons
 a - a +1 hand axe (weapon)
Missiles
 t - 7 poisoned javelins (quivered)
Armour
 b - a +2 animal skin (worn)
 j - a +2 helmet (worn)
Jewellery
 i - a cursed ring of teleportation {unknown}
 n - a ring of see invisible (left hand)
 q - a +4 ring of strength (right hand)
 y - a +5 amulet of reflection (around neck)
 B - an uncursed amulet of guardian spirit {unknown}
Wands
 x - a wand of flame (16)
Scrolls
 d - 2 scrolls of blinking
 f - 2 scrolls of remove curse
 g - 6 scrolls of identify
 l - a scroll of fear
 o - a scroll of fog
 v - a scroll of enchant armour
 z - 5 scrolls of magic mapping
 A - a scroll of teleportation
 C - a scroll of silence {unknown}
Potions
 e - 6 potions of brilliance
 h - 4 potions of magic
 k - 5 potions of might
 m - 3 potions of ambrosia
 p - a potion of heal wounds
 r - a potion of resistance
 s - 2 potions of curing
 w - a potion of haste
Comestibles
 c - 10 rations


   Skills:
 + Level 6.6 Fighting
 + Level 8.5 Axes
 + Level 2.3 Armour
 + Level 4.8 Dodging
 + Level 4.5 Stealth


You had 8 spell levels left.
You didn't know any spells.

Dungeon Overview and Level Annotations

Branches:
Dungeon (7/15)             Temple (0/1) D:5

Altars:
Ashenzari
Dithmenos
Elyvilon
Fedhas
Hepliaklqana
Kikubaaqudgha
Nemelex Xobeh
Qazlal
Trog
Wu Jian
Zin
The Shining One

Shops:
D:5 }


Innate Abilities, Weirdness & Mutations

You are resistant to torment.
Your stone body is resilient. (AC +6)
You are immune to poison.
You resist negative energy. (rN+)
You are resistant to electric shocks. (rElec)
You can survive without breathing.
You are immune to petrification.
You are immune to rotting.


Message History

Unknown command.
You hit the orc knight but do no damage.
The orc knight is lightly wounded.
You hit the kobold but do no damage. You hit the orc warrior.
The orc warrior hits you with a war axe!!
You block the orc knight's attack. The kobold misses you.
The orc warrior barely misses you.
Unknown command.
You are too injured to fight recklessly!
You miss the orc knight.
The orc knight is lightly wounded.
You hit the orc warrior. You hit the kobold.
You kill the kobold!
Trog accepts your kill.
The orc warrior no longer looks unusually strong.
The orc knight hits you but does no damage.
The orc warrior hits you with a war axe!
* * * LOW HITPOINT WARNING * * *
The orc knight hits you with a broad axe!
You die...

...... .......
..... .... ...
###'###
##..o..##
#...8o..#
#∩%.(@)∩#
##.()..##
####'('####
##≈...(...≈##
##≈≈.......≈≈##
.K≈≈...(...≈≈(.
##≈≈.......≈≈##
.(≈≈.......≈≈(.
##≈≈.......≈≈##


You could see an orc knight, an orc warrior and a kobold.

Vanquished Creatures
  A hungry ghost (D:7)
  2 ice beasts
  An orc warrior (Bailey)
  3 centaurs (D:6)
  5 ogres
  A big kobold (D:7)
  A bullfrog (D:7)
  3 scorpions
  2 centaur zombies
  5 hounds
  An orc priest (D:3)
  2 orc wizards
  2 gnoll shamans
  A worker ant (D:4)
  2 big kobold zombies (Ossuary)
  2 mummies (Ossuary)
  5 river rats (D:5)
  9 adders
  17 gnolls
  2 shadow imps (D:5)
  2 oozes
  An adder skeleton (D:7)
  2 adder zombies (Ossuary)
  3 worms (D:5)
  3 leopard geckos
  13 orcs
  A ball python (D:4)
  7 giant cockroaches
  2 gnoll zombies (Ossuary)
  9 goblins
  7 hobgoblins
  13 kobolds
  4 quokkas
  10 bats
  5 frilled lizards
  A giant cockroach zombie (D:5)
  7 hobgoblin zombies
  A jackal skeleton (D:5)
  3 kobold zombies (Ossuary)
  3 orc zombies (Ossuary)
  A quokka skeleton (D:6)
  A quokka zombie (D:5)
  11 rats
  A rat zombie (D:5)
178 creatures vanquished.

Vanquished Creatures (others)
  A centaur (D:5)
  4 kobolds (Bailey)
5 creatures vanquished.

Grand Total: 183 creatures vanquished

Notes
Turn   | Place    | Note
-------+----------+-------------------------------------------
     0 | D:1      | Fang the Gargoyle Berserker began the quest for the Orb.
     0 | D:1      | Reached XP level 1. HP: 14/14 MP: 1/1
   117 | D:1      | Reached XP level 2. HP: 14/19 MP: 2/2
   269 | D:1      | Reached skill level 3 in Axes
   621 | D:2      | Reached XP level 3. HP: 23/23 MP: 3/3
   650 | D:2      | Reached ** piety under Trog
  1383 | D:2      | Found a sparkling altar of Nemelex Xobeh.
  1392 | D:2      | Found a shadowy altar of Dithmenos.
  1392 | D:2      | Found an ornate altar of the Wu Jian Council.
  1598 | D:3      | Reached XP level 4. HP: 29/29 MP: 4/4
  1950 | D:3      | Reached XP level 5. HP: 24/33 MP: 5/5
  1953 | D:3      | Reached skill level 4 in Axes
  2393 | D:3      | Reached *** piety under Trog
  2961 | D:4      | Noticed an ogre
  2969 | D:4      | Killed an ogre
  2969 | D:4      | Reached skill level 1 in Stealth
  2969 | D:4      | Reached XP level 6. HP: 18/38 MP: 6/6
  3264 | D:4      | Reached skill level 5 in Axes
  3645 | D:4      | Found a shattered altar of Ashenzari.
  3780 | D:4      | Reached XP level 7. HP: 44/44 MP: 7/7
  4206 | D:4      | Reached skill level 5 in Fighting
  4206 | D:4      | Reached skill level 6 in Axes
  4695 | D:5      | Entered Level 5 of the Dungeon
  4887 | D:5      | Found Vumedomo's Gadget Shop.
  4897 | D:5      | Reached XP level 8. HP: 47/49 MP: 8/8
  4976 | D:5      | Found a sand-covered staircase.
  4981 | D:5      | Found a blossoming altar of Fedhas.
  4992 | Ossuary  | Entered an ossuary
  5145 | Ossuary  | Reached **** piety under Trog
  5456 | D:5      | HP: 3/75 [river rat (5)]
  5478 | D:5      | Reached skill level 7 in Axes
  5808 | D:5      | Found a bloodstained altar of Trog.
  6023 | D:5      | Found a staircase to the Ecumenical Temple.
  6123 | D:5      | Found a hazy altar of Hepliaklqana.
  6158 | D:5      | Found a glowing silver altar of Zin.
  6158 | D:5      | Found a glowing golden altar of the Shining One.
  6159 | D:5      | Found a white marble altar of Elyvilon.
  6222 | D:5      | Found an ancient bone altar of Kikubaaqudgha.
  6799 | D:6      | Reached XP level 9. HP: 55/55 MP: 9/9
  7080 | D:6      | Reached skill level 8 in Axes
  7089 | D:6      | Found a stormy altar of Qazlal.
  7187 | D:6      | Found a blossoming altar of Fedhas.
  7373 | D:7      | Reached ***** piety under Trog
  7464 | D:7      | Found a flagged portal.
  7481 | Bailey   | Entered a bailey
  7505 | Bailey   | Found the +3 giant club "Skullcrusher" {speed, Str+7}
  7514 | Bailey   | Noticed an orc knight
  7528 | Bailey   | Slain by an orc knight

Skill      XL: |  1  2  3  4  5  6  7  8  9 |
---------------+----------------------------+-----
Axes           | 3 4 5 6 7 8 |  8.5
Dodging        | 2 3 4 |  4.8
Fighting       | 4 5 6 |  6.6
Stealth        | 1 2 3 4 |  4.5
Armour         | |  2.3

Action                   |  1- 3 |  4- 6 |  7- 9 || total
-------------------------+-------+-------+-------++-------
Melee: Hand axe          |   134 |   140 |   506 ||   780
Invok: Burn Spellbooks   |     1 |       |     1 ||     2
       Berserk           |       |     5 |     5 ||    10
  Use: Scroll            |       |       |    14 ||    14
       Potion            |       |       |     9 ||     9
 Stab: Sleeping          |     1 |       |     9 ||    10
       Distracted        |       |       |     1 ||     1
  Eat: Chunk             |     2 |    10 |    14 ||    26
       Ration            |       |       |     2 ||     2
Armor: Animal skin       |    61 |    62 |   176 ||   299
Dodge: Dodged            |   109 |   117 |   288 ||   514
Block: Other             |       |       |   113 ||   113
       Reflection        |       |       |    14 ||    14
